 Dungeon Crawl Stone Soup version 0.22-a0-458-gb446440 (webtiles) character file.

6648 xccam the Transmogrifier (level 10, -4/88 HPs)
             Began as a Green Draconian Transmuter on June 8, 2018.
             Was a High Priest of Okawaru.
             Slain by an unseen horror (9 damage)
             ... on level 10 of the Dungeon.
             The game lasted 00:21:33 (8950 turns).

xccam the Transmogrifier (DrTm)                     Turns: 8950, Time: 00:21:34

Health: -4/88      AC: 12    Str: 15    XL:     10   Next: 72%
Magic:  14/14      EV: 12    Int: 17    God:    Okawaru [*****.]
Gold:   580        SH:  0    Dex: 12    Spells: 5/13 levels left

rFire    . . .     SeeInvis .     - Unarmed
rCold    . . .     Gourm    .   (no shield)
rNeg     . . .     Faith    .   (armour unavailable)
rPois    +         Spirit   .   y - +1 hat
rElec    .         Reflect  .   f - +2 cloak
rCorr    .         Harm     .   (no gloves)
MR       .....                  D - +0 pair of boots {Fly}
Stlth    +.........             (no amulet)
HPRegen  0.24/turn              n - +3 ring of slaying
MPRegen  0.14/turn              r - +3 ring of intelligence

@: berserk cooldown, hasted, very quick
A: breathe noxious fumes, unfitting armour, poison resistance, cold-blooded, AC
+7
a: Breathe Noxious Fumes, Heroism, Finesse, Renounce Religion, Evoke Flight


You were on level 10 of the Dungeon.
You worshipped Okawaru.
Okawaru was extremely pleased with you.
You were hungry.

You visited 2 branches of the dungeon, and saw 11 of its levels.
You also visited: Ossuary.

You collected 580 gold pieces.

Inventory:

Missiles
 a - 200 arrows
Armour
 f - a +2 cloak (worn)
 y - a +1 hat (worn)
 D - a +0 pair of boots of flying (worn)
Jewellery
 n - a +3 ring of slaying (left hand)
 r - a +3 ring of intelligence (right hand)
 E - an uncursed amulet of guardian spirit
Wands
 g - a wand of acid (8)
 v - a wand of disintegration (12)
 w - a wand of random effects (36)
Scrolls
 b - 11 scrolls of remove curse
 d - 3 scrolls of amnesia
 h - a scroll of fear {unknown}
 i - 3 scrolls of teleportation
 k - 3 scrolls of magic mapping
 s - a scroll of enchant armour {unknown}
 t - a scroll of blinking
 x - a scroll of immolation {unknown}
 B - a scroll of summoning {unknown}
Potions
 j - 4 potions of curing
 m - 3 potions of flight
 o - 5 potions of might
 p - a potion of cancellation
 q - 2 potions of lignification
 u - a potion of degeneration {unknown}
 A - a potion of heal wounds {unknown}
Comestibles
 c - 16 rations


   Skills:
 + Level 7.9 Fighting
 - Level 1.7 Dodging
 + Level 9.4 Unarmed Combat
 - Level 2.0 Spellcasting
 + Level 10.7 Transmutations
 + Level 5.7 Invocations


You had 5 spell levels left.
You knew the following spells:

 Your Spells              Type           Power        Failure   Level  Hunger
a - Beastly Appendage     Tmut           #####.       1%          1    #......
b - Sticks to Snakes      Tmut           #####...     1%          2    ###....
c - Blade Hands           Tmut           #####.....   7%          5    ######.

Your spell library contained the following spells:

 Spells                   Type           Power        Failure   Level  Hunger
 Conjure Flame            Conj/Fire      #.......     50%         3    ###....
 Freezing Cloud           Conj/Ice/Air   #.........   100%        6    #######
 Mephitic Cloud           Conj/Pois/Air  #.......     50%         3    ###....
 Ring of Flames           Chrm/Fire      #.........   100%        7    #######
 Spider Form              Tmut/Pois      ###.......   6%          3    ###....
 Ice Form                 Ice/Tmut       ###.....     22%         4    #####..
 Poisonous Vapours        Pois/Air       #.....       28%         2    ###....


Dungeon Overview and Level Annotations

Branches:
Dungeon (10/15)            Temple (1/1) D:4             Orc (0/2) D:10
   Lair: D:8-11

Altars:
Ashenzari
Cheibriados
Dithmenos
Gozag
Hepliaklqana
Makhleb
Okawaru
Qazlal
Ru
Sif Muna
Trog
Uskayaw
Xom
The Shining One

Shops:
D:7 =


Innate Abilities, Weirdness & Mutations

You can breathe blasts of noxious fumes.
Your lurid green scales are hard. (AC +7)
You cannot fit into any form of body armour.
Your system is resistant to poisons. (rPois)
You are cold-blooded and may be slowed by cold attacks.


Message History

* * * LOW HITPOINT WARNING * * *
Something hits you but does no damage.
You punch something! You tail-slap something. Something hits you.
* * * LOW HITPOINT WARNING * * *
Something hits you.
* * * LOW HITPOINT WARNING * * *
Something hits you but does no damage. Something hits you.
* * * LOW HITPOINT WARNING * * *
Something hits you.
* * * LOW HITPOINT WARNING * * *
Something hits you.
* * * LOW HITPOINT WARNING * * *
You feel better.
You feel yourself speed up. Something hits you but does no damage.
Something hits you.
* * * LOW HITPOINT WARNING * * *
Something hits you!
You die...

#.#. ......)[# ## .#.### #.#
.. ..... ####)##.# #....
#.......# #...# # #.##.####
#...# #.##.##.# #...#
#.......#
#...#########.########### ####
#...<...@.##.............
#...##....####.......###......
#............#......##......
#.....>.......(.#...........
#............#.......#......
####..).####.#.#............
#.........#.#............
#...#####.........##.####
#...# #####.)#####.#


There were no monsters in sight!

Vanquished Creatures
  2 two-headed ogres (D:9)
  12 yaks
  Duvessa (D:5)
  5 orc warriors
  A sky beast (D:9)
  2 black bears
  2 ogres
  4 centaurs
  Blork the orc (D:6)
  3 big kobolds
  6 bullfrogs
  Dowan (D:5)
  A water moccasin zombie (Ossuary)
  A scorpion (D:8)
  3 killer bees (D:8)
  2 howler monkeys
  2 crimson imps
  2 bullfrog zombies
  A quasit (D:9)
  A bullfrog skeleton (D:9)
  3 hounds
  6 orc wizards
  7 orc priests
  4 jellies
  An iguana (D:6)
  10 worker ants
  3 big kobold zombies (Ossuary)
  2 hound zombies
  A hound skeleton (D:7)
  2 mummies (Ossuary)
  2 worker ant zombies
  Robin (D:4)
  7 gnolls
  12 adders
  2 shadow imps
  5 oozes (D:8)
  5 adder zombies
  2 adder skeletons
  4 dart slugs
  7 leopard geckos
  19 orcs
  A ball python (D:3)
  8 bats
  7 giant cockroaches
  2 gnoll zombies (Ossuary)
  12 goblins
  8 hobgoblins
  11 jackals
  13 kobolds
  7 quokkas
  6 frilled lizards
  A leopard gecko skeleton (D:6)
  3 orc zombies (Ossuary)
  12 rats
249 creatures vanquished.

Vanquished Creatures (collateral kills)
  An ogre (D:4)
  A bat (D:3)
2 creatures vanquished.

Grand Total: 251 creatures vanquished

Notes
Turn   | Place    | Note
-------+----------+-------------------------------------------
     0 | D:1      | xccam the Draconian Transmuter began the quest for the Orb.
     0 | D:1      | Reached XP level 1. HP: 16/16 MP: 3/3
   100 | D:1      | Reached XP level 2. HP: 23/23 MP: 5/5
   788 | D:2      | Reached XP level 3. HP: 22/28 MP: 6/6
   792 | D:2      | Learned a level 2 spell: Sticks to Snakes
  1465 | D:2      | Reached XP level 4. HP: 35/35 MP: 7/7
  1563 | D:3      | Reached skill level 5 in Unarmed Combat
  1882 | D:3      | Found a bloodstained altar of Trog.
  2157 | D:4      | Noticed an ogre
  2252 | D:4      | Found a stormy altar of Qazlal.
  2254 | D:4      | Found a shimmering altar of Xom.
  2255 | D:4      | Found a snail-covered altar of Cheibriados.
  2260 | D:4      | Noticed Robin
  2263 | D:4      | Reached XP level 5. HP: 38/40 MP: 8/8
  2290 | D:4      | Killed Robin
  2336 | D:4      | Found a glowing golden altar of the Shining One.
  2445 | D:4      | Reached skill level 3 in Transmutations
  2577 | D:4      | Reached XP level 6. HP: 47/47 MP: 9/9
  2595 | D:4      | Found a sand-covered staircase.
  2608 | Ossuary  | Entered an ossuary
  2641 | Ossuary  | Reached skill level 4 in Transmutations
  2961 | Ossuary  | Reached skill level 5 in Transmutations
  3090 | D:4      | Found a staircase to the Ecumenical Temple.
  3180 | Temple   | Entered the Ecumenical Temple
  3185 | Temple   | Became a worshipper of Warmaster Okawaru
  3557 | D:4      | Reached skill level 1 in Invocations
  3692 | D:4      | Found a deep blue altar of Sif Muna.
  3784 | D:5      | Entered Level 5 of the Dungeon
  3784 | D:5      | Noticed Duvessa
  3784 | D:5      | Noticed Dowan
  3797 | D:5      | Killed Duvessa
  3797 | D:5      | Your scales start taking on a lurid green colour.
  3797 | D:5      | Reached XP level 7. HP: 41/52 MP: 0/10
  3797 | D:5      | Gained mutation: Your system is resistant to poisons. (rPois) [Green Draconian growth]
  3808 | D:5      | Killed Dowan
  3809 | D:5      | Reached * piety under Okawaru
  4135 | D:5      | Reached skill level 6 in Transmutations
  4153 | D:5      | Found a shattered altar of Ashenzari.
  4519 | D:5      | Found a sacrificial altar of Ru.
  5069 | D:6      | Reached XP level 8. HP: 17/59 MP: 6/11
  5408 | D:6      | Reached skill level 7 in Transmutations
  5408 | D:6      | Reached skill level 5 in Invocations
  5638 | D:6      | Noticed Blork the orc
  5648 | D:6      | Killed Blork the orc
  5855 | D:7      | Reached skill level 8 in Transmutations
  6139 | D:7      | Reached ** piety under Okawaru
  6191 | D:7      | Found an opulent altar of Gozag.
  6381 | D:7      | Found Navewn's Jewellery Boutique.
  6639 | D:7      | Learned a level 5 spell: Blade Hands
  6903 | D:8      | Reached XP level 9. HP: 70/70 MP: 6/12
  6914 | D:8      | Reached *** piety under Okawaru
  6914 | D:8      | Reached skill level 9 in Transmutations
  7317 | D:8      | Found a burning altar of Makhleb.
  7402 | D:8      | Reached skill level 5 in Fighting
  7916 | D:9      | Noticed a two-headed ogre
  7935 | D:9      | Killed a two-headed ogre
  7935 | D:9      | Reached **** piety under Okawaru
  7935 | D:9      | Reached XP level 10. HP: 66/83 MP: 8/13
  7965 | D:9      | Noticed a two-headed ogre
  7980 | D:9      | Killed a two-headed ogre
  7980 | D:9      | Reached skill level 10 in Transmutations
  8019 | D:9      | Found a hide-covered altar of Uskayaw.
  8396 | D:9      | Reached ***** piety under Okawaru
  8398 | D:9      | Received a gift from Okawaru
  8826 | D:10     | Entered Level 10 of the Dungeon
  8906 | D:10     | Found a staircase to the Orcish Mines.
  8947 | D:10     | HP: 2/88 [something (6)]
  8950 | D:10     | Slain by an unseen horror

Vault maps used:
D:1:      wheals_arrival_shading, feat_on_display
D:2:      first_ration
D:3:      trog_three_pillars_becter
D:4:      kennysheep_little_box, led_sif_pool, grunt_temple_overflow_open,
          temple_green, lightli_ossuary_entry_decrepit_ruins, uniq_robin
D:5:      basic_altar, minivault_26, nicolae_ru_the_path_less_chosen,
          uniq_duvessa
D:6:      kennysheep_nondescript, grunt_ministairs_6, kennysheep_cluttered_room,
          uniq_blork_the_orc
D:7:      nicolae_gozag_cash_rules_everything_around_me, serial_shops,
          nicolae_shop_temple_entry_statues_fountains
D:8:      kennysheep_mini_moat, hangedman_little_slice_of_home, minivault_19
D:9:      lemuel_doored_altar, minmay_strange_pillars
D:10:     minmay_orc_entry_temple_small, serial_shops, kennysheep_mini, shop,
          nicolae_shop_overgrown_old_shop, shop_coins
Temple:   zaba_magenta_temple
Ossuary:  ossuary_tomb_2

Skill      XL: |  1  2  3  4  5  6  7  8  9 10 |
---------------+-------------------------------+-----
Unarmed Combat | 4 5 6 8 9 |  9.4
Transmutations | 3 5 6 8 9 10 | 10.7
Invocations    | 2 4 5 |  5.7
Fighting       | 3 6 7 |  7.9
Dodging        | |  1.7
Spellcasting   | |  2.0

Action                   |  1- 3 |  4- 6 |  7- 9 | 10-12 || total
-------------------------+-------+-------+-------+-------++-------
Melee: Unarmed           |   146 |   217 |   384 |   116 ||   863
       Tailslap          |    22 |    29 |    42 |    15 ||   108
       Kick              |       |    13 |     4 |       ||    17
       Punch             |       |     5 |     9 |     2 ||    16
       Headbutt          |       |     2 |     1 |       ||     3
 Cast: Beastly Appendage |     1 |     4 |     2 |       ||     7
       Sticks to Snakes  |       |     4 |     3 |       ||     7
       Blade Hands       |       |       |     2 |     6 ||     8
Invok: Heroism           |       |       |     1 |       ||     1
 Abil: Breathe Noxious F |       |       |    10 |     5 ||    15
       Stop Flying       |       |       |       |     1 ||     1
Evoke: Wand              |       |       |     1 |       ||     1
  Use: Scroll            |       |       |     9 |     6 ||    15
       Potion            |       |       |       |     8 ||     8
 Stab: Sleeping          |     1 |     1 |       |       ||     2
       Distracted        |       |     1 |       |       ||     1
       Confused          |       |       |     3 |     1 ||     4
  Eat: Chunk             |     2 |     8 |    12 |     3 ||    25
       Ration            |       |       |     1 |     1 ||     2
Armor: Skin              |    55 |    68 |   112 |    41 ||   276
Dodge: Dodged            |   107 |   113 |   199 |    55 ||   474

Table legend:
 A = Spawn XP
 B = Non-spawn XP
 C = Spawn XP percentage of total XP
 D = Spawn monster count
 E = Non-spawn monster count
 F = Spawn count percentage of total count
 G = Total turns spent on level
                    A         B        C        D         E        F      G
               +---------+---------+-------+---------+---------+-------+---------
         Total |       0 |    9498 |   0.0 |       0 |     251 |   0.0 |  8950
               +---------+---------+-------+---------+---------+-------+---------
           D:1 |       0 |      32 |   0.0 |       0 |      15 |   0.0 |   749
           D:2 |       0 |      66 |   0.0 |       0 |      26 |   0.0 |   765
           D:3 |       0 |      89 |   0.0 |       0 |      26 |   0.0 |   696
           D:4 |       0 |     313 |   0.0 |       0 |      22 |   0.0 |  1102
           D:5 |       0 |     426 |   0.0 |       0 |      11 |   0.0 |   916
           D:6 |       0 |     697 |   0.0 |       0 |      26 |   0.0 |  1068
           D:7 |       0 |     657 |   0.0 |       0 |      23 |   0.0 |   880
           D:8 |       0 |    1996 |   0.0 |       0 |      40 |   0.0 |  1499
           D:9 |       0 |    4387 |   0.0 |       0 |      36 |   0.0 |   679
          D:10 |       0 |     612 |   0.0 |       0 |      11 |   0.0 |   124
       Ossuary |       0 |     223 |   0.0 |       0 |      15 |   0.0 |   462
               +---------+---------+-------+---------+---------+-------+---------
